[Event "*** Titled Tuesday 3|2 Blitz (Early)"]
[Site "Chess.com"]
[Date "2016.12.06"]
[Round "2"]
[White "Nachsueb"]
[Black "Hieronymus00"]
[Result "0-1"]
[WhiteElo "2108"]
[BlackElo "2125"]
[TimeControl "180+2"]
[EndTime "11:22:15 PST"]
[Termination "Hieronymus00 won by resignation"]

1. e4 e5 2. Nf3 Nc6 3. Bb5 a6 4.
Ba4 Nf6 5. O-O Bc5 6. c3 b5 7. Bc2 d5 8. exd5 Qxd5 9. Nxe5 Nxe5 10. d4 Bb7 11. f3 Bb6 12. Re1 O-O 13. Rxe5 Qxe5 14. Kh1 Qh5 15. Nd2 Rae8 16. Nf1 c5 17. Ng3 Qd5 18. Be4 Nxe4 19. fxe4 Qe6 20. d5 Qg6 21.
Bf4 Rd8 22. Qf3 c4 23. a4 Rfe8 24. axb5 axb5 25. Rf1 h6 26. Nf5 Bxd5 27. Nxh6+ gxh6 28. exd5 Re7 29. d6 Re6 30. Qh3 Bc5 31. Rd1 Rde8 32. Bg3 Rd8 33. d7 Re7 34. Qh4 Rdxd7 35. Rf1 Rd2 36. Qf4 Rdd7 37. Qb8+ Kh7 38. Qxb5 Bd6 39.
Qxc4 Bxg3 40. hxg3 Qxg3 41. Qb5 Qg6 42. Qc4 Rd6 43.
Qh4 Rde6 44. Kg1 Re2 45. Qh3 R7e3 46. Qh2 Re6 47. Qh3 Re1 48. Qf3 Rxf1+ 49. Qxf1 Rf6 50. Qe2 Qf5 51. b4 Re6 52. Qd2 Qe4 53. Kh2 Qe5+ 54.
Kh3 Qe3+ 55. Qxe3 Rxe3+ 56. Kg4 0-1

[Event "*** Titled Tuesday 3|2 Blitz (Early)"]
[Site "Chess.com"]
[Date "2016.12.06"]
[Round "2"]
[White "GM_Donatello"]
[Black "Matibar"]
[Result "1-0"]
[WhiteElo "2573"]
[BlackElo "2566"]
[TimeControl "180+2"]
[EndTime "11:22:19 PST"]
[Termination "GM_Donatello won by resignation"]

1. e4 e6 2. d4 d5 3. Nd2 a6 4. Ngf3 Nf6 5. e5 Nfd7 6. c3 c5 7.
Bd3 Nc6 8. O-O g5 9. dxc5 g4 10. Nd4 Ndxe5 11. N2b3 Nxd3 12. Qxd3 Bg7 13. f4 gxf3 14.
Qxf3 O-O 15. Qg3 Kh8 16. Bg5 f6 17. Bd2 f5 18. Nxc6 bxc6 19. Bf4 Rg8 20. Be5 Ra7 21. Nd4 Qe8 22. Rae1 Qd7 23. Re3 h6 24. Rfe1 Kh7 25. Bxg7 Rxg7 26. Qe5 Rb7 27. b4 Qe8 28. Nxf5 Rg5 29.
Nd6 Qg8 30. Qf4 Rxg2+ 31. Kh1 Rbg7 32. Rg3 R2xg3 33. hxg3 Rxg3 34. Re2 Rg1+ 35. Kh2 Rg5 36.
Qf7+ Qxf7 37. Nxf7 Rg7 38. Ne5 Rc7 39. Kg3 Kg7 40.
Kf4 a5 41. Rg2+ Kh7 42. a3 Ba6 43. Ng6 Rf7+ 44. Ke5 Bd3 45. Nh4 Be4 46. Rh2 a4 47. Kxe6 Rf1 48. b5 cxb5 49. c6 Rc1 50. c7 Rxc3 51.
Kd7 d4 52. c8=Q Rxc8 53. Kxc8 Kg7 54. Re2 Bd3 55. Rd2 Bc4 56. Nf3 d3 57. Ne5 Kf6 58. Nxd3 h5 59. Kc7 h4 60. Kb6 Kf5 61. Kc5 Ke4 62.
Nb2 Ke3 63. Rh2 1-0

[Event "*** Titled Tuesday 3|2 Blitz (Early)"]
[Site "Chess.com"]
[Date "2016.12.06"]
[Round "2"]
[White "Lector118"]
[Black "WanderingPuppet"]
[Result "1/2-1/2"]
[WhiteElo "2333"]
[BlackElo "2310"]
[TimeControl "180+2"]
[EndTime "11:22:25 PST"]
[Termination "Game drawn by agreement"]

1. d4 Nf6 2. c4 g6 3. Nc3 Bg7 4. e4 O-O 5. Nf3 d6 6. Be2 c5 7. d5 e6 8. O-O Re8 9. Nd2 Na6 10.
Re1 Nc7 11. a4 b6 12. Bf1 exd5 13. cxd5 Ng4 14. Nf3 a6 15. h3 Ne5 16. Nd2 Rb8 17.
f4 Nd7 18. Nc4 Nf8 19. Be3 b5 20. axb5 Nxb5 21. Nxb5 axb5 22. Na5 Bd7 23. Qc2 h5 24. Bf2 Nh7 25. e5 dxe5 26. Qxc5 exf4 27. Nc6 Bxc6 28. dxc6 Rxe1 29. Rxe1 Rc8 30. b4 Bf8 31. Qxb5 f3 32. gxf3 Qg5+ 33. Qxg5 Nxg5 34. Bg2 Bxb4 35. Rb1 Bd6 36. Rd1 Bf4 37. Rd4 Ne6 38. Rc4 Kf8 39. Bf1 Ke7 40. h4 Bd6 41. Bh3 f5 42. Bf1 Be5 43.
Rc1 Kd6 44. Bb5 Nd4 45. Rd1 Kd5 46. Ba6 Rc7 47. Bb7 Kc4 48. Bxd4 Bxd4+ 49. Kg2 Kc5 50. Rc1+ Kd6 51. Rd1 Kc5 52. Kg3 Be5+ 53. Kg2 Bf4 54. Re1 Kd6 55. Re8 Rg7 56. Kf2 Kc5 57. Re6 Kb6 58. Ke2 Kc7 59. Kf2 Bd6 60. Re8 Bf4 61. Rc8+ Kb6 62. Re8 Kc7 63. Re2 Bd6 64. Re6 Bf4 65.
Re8 Bd6 66. Rc8+ Kb6 67. Re8 Kc7 68. Re1 Bf4 69. Re6 1/2-1/2

[Event "*** Titled Tuesday 3|2 Blitz (Early)"]
[Site "Chess.com"]
[Date "2016.12.06"]
[Round "2"]
[White "Vrolijk"]
[Black "Andrejkin"]
[Result "1-0"]
[WhiteElo "2181"]
[BlackElo "2183"]
[TimeControl "180+2"]
[EndTime "11:22:32 PST"]
[Termination "Vrolijk won by resignation"]

1. e4 e5 2. Nf3 Nc6 3. Bb5 a6 4.
Ba4 Nf6 5. d3 b5 6. Bb3 Be7 7. Nc3 d6 8. Nd5 Bd7 9. Nxe7 Qxe7 10. h3 h6 11. c3 a5 12. O-O a4 13.
Bc2 O-O 14. d4 Rfd8 15. Re1 Na5 16. Qe2 Nc4 17. Bd3 exd4 18. cxd4 d5 19. e5 Ne8 20. Nh2 c5 21. Bf4 cxd4 22. Nf3 Qb4 23. a3 Qc5 24.
Rad1 Nc7 25. Nxd4 Ne6 26. Nxe6 Bxe6 27. Rc1 Qd4 28. Bxc4 bxc4 29. Bg3 Rab8 30. Rc2 Rdc8 31. Kh2 c3 32. Rd1 cxb2 33. Rxc8+ Rxc8 34. Rxd4 b1=Q 35. Rxa4 Rc1 36. Ra8+ Kh7 37. Bf4 Rh1+ 38. Kg3 Qg6+ 39. Kf3 Qh5+ 40. Ke3 d4+ 41. Kd2 Qg6 42. g4 Rxh3 43. f3 d3 44. Qxd3 Qxd3+ 45. Kxd3 Rxf3+ 46. Ke4 Bd5+ 47. Kxd5 Rxf4 48. Ra7 Kg6 49. a4 Rxg4 50. a5 Rg1 51. Ra6+ Kg5 52. Ra7 h5 53. Rxf7 g6 54. e6 h4 55. e7 Rd1+ 56. Kc6 Re1 57. Kd7 h3 58. e8=Q Rxe8 59. Kxe8 h2 60. Rh7 1-0

[Event "*** Titled Tuesday 3|2 Blitz (Early)"]
[Site "Chess.com"]
[Date "2016.12.06"]
[Round "2"]
[White "Mornar1951"]
[Black "GMKrikor"]
[Result "1/2-1/2"]
[WhiteElo "2602"]
[BlackElo "2531"]
[TimeControl "180+2"]
[EndTime "11:22:33 PST"]
[Termination "Game drawn by agreement"]

1. d4 Nf6 2. c4 e6 3. g3 d5 4. Bg2 dxc4 5. Qa4+ Bd7 6. Qxc4 Bc6 7.
Nf3 Bd5 8. Qd3 c5 9. Nc3 Bc6 10.
O-O cxd4 11. Qxd4 Qxd4 12. Nxd4 Bxg2 13. Kxg2 a6 14. Rd1 Nbd7 15. Nb3 Bb4 16. Bd2 O-O 17. Rac1 Rac8 18. a3 Bxc3 19. Bxc3 Nd5 20. e4 Nxc3 21. Rxd7 Nxe4 22. Rxc8 Rxc8 23. Rxb7 g5 24. Nd4 Rc4 25. Rd7 Kf8 26. b3 Ke8 27. bxc4 Kxd7 28. Nb3 Kd6 29. Kf3 Nc5 30. Nd2 f5 31. Ke3 e5 32. h3 h5 33. f3 f4+ 34. Kf2 Nd3+ 35.
Ke2 fxg3 36. Ne4+ Kc6 37. Nxg3 Nf4+ 38. Ke3 h4 39. Nf1 Nxh3 40. Ke4 Ng1 41. Nh2 Kc5 42.
Kxe5 Kxc4 43. Kf5 Kd4 44. Kxg5 Ke3 45. Kg4 h3 46. f4 Ke4 47. f5 Ke5 48. Kg5 Ne2 49.
f6 Ke6 50. Kg6 Nf4+ 51. Kg5 Nd5 52. Ng4 Nxf6 53. Nh2 Ne4+ 54. Kh4 Kd5 55. Kxh3 Kc4 56. Nf3 Kb3 57. Nd4+ Kxa3 58. Nc6 Kb3 59. Kg4 Kc4 60.
Kf4 Nc3 61. Ke3 Kc5 62. Na5 Kb5 63.
Nb7 Na4 64. Kd2 Kb6 65. Nd6 Kc6 66. Nc4 Kc5 67. Na5 Kb5 1/2-1/2

[Event "*** Titled Tuesday 3|2 Blitz (Early)"]
[Site "Chess.com"]
[Date "2016.12.06"]
[Round "2"]
[White "VSERGUEI"]
[Black "Boryboy"]
[Result "1-0"]
[WhiteElo "2596"]
[BlackElo "2430"]
[TimeControl "180+2"]
[EndTime "11:22:38 PST"]
[Termination "VSERGUEI won by resignation"]

1. d4 e6 2. c4 b6 3. Nf3 Bb7 4. e3 Nf6 5. Be2 d5 6. cxd5 exd5 7. O-O Bd6 8. b3 O-O 9. Ba3 Ne4 10. Nfd2 Bxa3 11. Nxa3 Nc3 12. Qe1 Nxe2+ 13. Qxe2 Ba6 14. Qf3 Bxf1 15. Nxf1 c6 16. Nc2 Qd6 17. Ng3 g6 18. h4 Nd7 19. h5 c5 20. dxc5 bxc5 21. Rd1 Nb6 22. e4 d4 23. Ne3 Rad8 24. Ng4 Nd7 25. Nh6+ Kh8 26. Nxf7+ Rxf7 27. Qxf7 Rf8 28.
Qd5 Qxd5 29. exd5 gxh5 30. b4 cxb4 31. Rxd4 a5 32. d6 Rb8 33. Rd2 a4 34. Nxh5 b3 35. axb3 Rxb3 36. Rd5 Kg8 37. Ra5 Rb1+ 38. Kh2 Rb4 39.
Ra7 Rh4+ 40. Kg3 Rxh5 41. Rxd7 Ra5 42. Rc7 Rd5 43. d7 Kf8 44. Ra7 Ke7 45. Rxa4 Rxd7 46.
Rf4 Rd6 47. Kh3 Rg6 48. g4 Rg8 49. Kh4 Rg6 50. Kh5 Ra6 51. g5 Rb6 52. Rf5 Ra6 53. f4 Rb6 54. Ra5 Kf8 55. f5 Rb1 56. Ra8+ Kf7 57.
Ra7+ Kg8 58. f6 Rh1+ 59. Kg4 Rg1+ 60. Kf4 Rf1+ 61. Ke3 h6 62. Rg7+ Kh8 63. Ke4 hxg5 64.
Ke5 Ra1 65. Kf5 g4 66. Kg6 g3 67. Rh7+ 1-0

[Event "*** Titled Tuesday 3|2 Blitz (Early)"]
[Site "Chess.com"]
[Date "2016.12.06"]
[Round "2"]
[White "MFBerna"]
[Black "FitnessBen"]
[Result "1/2-1/2"]
[WhiteElo "2202"]
[BlackElo "2319"]
[TimeControl "180+2"]
[EndTime "11:22:57 PST"]
[Termination "Game drawn - insufficient material"]

1. e4 c5 2. Nf3 Nc6 3. d4 cxd4 4.
Nxd4 g6 5. c4 Nf6 6. Nc3 d6 7.
Be2 Nxd4 8. Qxd4 Bg7 9. Bg5 O-O 10. O-O Be6 11. Qd3 a5 12. b3 Qb6 13. Rad1 Rfc8 14. Be3 Qd8 15. f4 Bg4 16. Bf3 Bxf3 17. Rxf3 Nd7 18. e5 Qf8 19. exd6 exd6 20. Ne4 Nc5 21. Nxc5 dxc5 22. f5 Rd8 23. Qf1 Rxd1 24. Qxd1 Rd8 25. Qe2 Qe8 26. Rf2 Bd4 27. Bxd4 Qxe2 28.
Rxe2 cxd4 29. f6 d3 30. Rd2 Rd6 31. g4 Rxf6 32. Rxd3 Re6 33. Kf2 Kg7 34. Rd7 b6 35.
Rb7 Kf6 36. Kf3 g5 37. a3 h6 38. b4 axb4 39. axb4 Rc6 40. h3 Ke5 41. Rxf7 Rxc4 42. Rf5+ Ke6 43. Rb5 Rc6 44. Ke4 Rc4+ 45. Kd3 Rc6 46.
Kd4 Rd6+ 47. Ke4 Rc6 48. Re5+ Kd6 49. Kf5 Rc3 50. Re6+ Kc7 51. Rxh6 Rb3 52. Kxg5 Rxb4 53. Kf6 Rf4+ 54. Ke5 Rf1 55. g5 Re1+ 56. Kf6 b5 57.
g6 b4 58. g7 Rf1+ 59. Ke7 Rg1 60. Kf7 b3 61. Rh4 Rf1+ 62. Ke8 Re1+ 63. Kf8 Rf1+ 64. Kg8 b2 65. Rb4 b1=Q 66. Rxb1 Rxb1 67. Kh8 Rh1 68. g8=Q Rxh3+ 69. Kg7 Rg3+ 70. Kf8 Rxg8+ 71. Kxg8 1/2-1/2

[Event "*** Titled Tuesday 3|2 Blitz (Early)"]
[Site "Chess.com"]
[Date "2016.12.06"]
[Round "2"]
[White "pKiLz5Rn9b"]
[Black "Blitzstream"]
[Result "1-0"]
[WhiteElo "2505"]
[BlackElo "2513"]
[TimeControl "180+2"]
[EndTime "11:23:00 PST"]
[Termination "pKiLz5Rn9b won by resignation"]

1. e4 d5 2. exd5 Qxd5 3. Nc3 Qa5 4.
g3 Nf6 5. Bg2 c6 6. Nge2 Bg4 7.
h3 Bh5 8. O-O e6 9. Qe1 Nbd7 10.
Nf4 Bb4 11. d3 O-O 12. Bd2 Qc7 13. a3 Bd6 14. Nxh5 Nxh5 15. Ne4 Be5 16. Rb1 Nhf6 17. Ng5 h6 18. Nf3 Bd6 19. Qe2 a5 20. Rfe1 a4 21. Nd4 Rfd8 22. Bc3 Nd5 23. Bxd5 cxd5 24. Nxe6 fxe6 25. Qxe6+ Kh7 26. Qf5+ Kg8 27. Qxd5+ Kh7 28. Qf5+ Kg8 29. Re6 Nf8 30. Re4 Rd7 31. Rbe1 Rf7 32. Qd5 Bxg3 33. Re7 Bxf2+ 34. Kh1 Qf4 35. Rxf7 Qxf7 36.
Qxf7+ Kxf7 37. Rf1 Ne6 38. Rxf2+ Ke7 39. Re2 g5 40. Re4 Kd6 41. h4 Rg8 42. hxg5 Rxg5 43.
Rxa4 h5 44. Re4 Rf5 45. Bb4+ Kd7 46. Be1 Nf4 47. Bg3 Ng6 48. Kg2 b5 49. b3 Rc5 50. c4 Ne7 51. b4 Rf5 52. Rd4+ Kc6 53. Rd6+ Kc7 54. Rd5+ Kc6 55. Rd6+ Kc7 56. c5 Kc8 57.
Rb6 Nd5 58. Re6 Rg5 59. Kf3 Rg8 60. c6 Rf8+ 61. Ke4 Nc3+ 62. Kd4 Na4 63. Re7 Nb6 64.
Rc7+ Kd8 65. Rb7 Nc8 66. Be5 h4 67. Rh7 Ne7 68. c7+ Kd7 69. Ke4 Rf1 70. Rxe7+ Kc8 71. Re8+ 1-0

[Event "*** Titled Tuesday 3|2 Blitz (Early)"]
[Site "Chess.com"]
[Date "2016.12.06"]
[Round "2"]
[White "Enzy63"]
[Black "stuffings101"]
[Result "0-1"]
[WhiteElo "2011"]
[BlackElo "2177"]
[TimeControl "180+2"]
[EndTime "11:23:12 PST"]
[Termination "stuffings101 won on time"]

1. d4 Nf6 2. Nf3 g6 3. c4 Bg7 4. g3 O-O 5. Bg2 d6 6. O-O c6 7. Nc3 Nbd7 8. b3 e5 9. Qc2 Re8 10. e4 exd4 11. Nxd4 Nc5 12. Re1 a5 13. Bf4 Ng4 14.
Rad1 Ne5 15. f3 Qe7 16. Be3 h5 17. h3 a4 18. Bf2 axb3 19. axb3 Bd7 20. f4 Ra3 21.
fxe5 dxe5 22. Nde2 Nxb3 23. Rd3 Be6 24. Nd5 cxd5 25.
cxd5 Na1 26. Qd1 Rxd3 27. Qxd3 Bxd5 28. Qxd5 Nc2 29. Rc1 Nb4 30. Qb3 Nc6 31. Rb1 Rb8 32.
Nc3 Qd7 33. Nd5 Nd4 34. Qb6 Qa4 35. Kh2 Qc2 36. Rb2 Qd3 37. Qc7 Rf8 38. Ne7+ Kh7 39. Rxb7 Qe2 40. Bxd4 exd4 41. Qf4 Bh6 42. Qf6 Bg7 43. Qf4 Bh6 44. Qf6 Bg7 45. Qf4 d3 46. Rd7 Bh6 47. Qf6 d2 48. Nxg6 Bg7 49. Qf5 fxg6 50.
Qe5 Rg8 51. Qd5 h4 52. g4 Kh8 53. Qxd2 Be5+ 54. Kh1 Qxd2 55. Rxd2 Kg7 56. Rd7+ Kf6 57. Kg1 Rb8 58. Kf1 Rb2 59. Rd5 Rc2 0-1

[Event "*** Titled Tuesday 3|2 Blitz (Early)"]
[Site "Chess.com"]
[Date "2016.12.06"]
[Round "2"]
[White "renanreis"]
[Black "Morpheus4"]
[Result "0-1"]
[WhiteElo "1961"]
[BlackElo "1954"]
[TimeControl "180+2"]
[EndTime "11:24:02 PST"]
[Termination "Morpheus4 won on time"]

1. e4 e5 2. Nf3 Nc6 3. Bb5 a6 4.
Ba4 Nf6 5. O-O Be7 6. Re1 b5 7. Bb3 O-O 8. c3 d6 9. h3 Na5 10. Bc2 c5 11. d4 Qc7 12. Nbd2 Re8 13. Nf1 h6 14. d5 c4 15. g4 Nh7 16. Ng3 Bf8 17.
Kh2 Nb7 18. Rg1 Nc5 19. g5 Qd7 20. Nf5 g6 21. gxh6 Kh8 22. Qf1 gxf5 23. Qg2 Nf6 24.
Bg5 Nfxe4 25. Be3 Nf6 26. Bg5 Nfe4 27. Be3 Nf6 28. h7 Ng4+ 29. hxg4 f4 30. Bxc5 dxc5 31. Bf5 Qxd5 32. Rad1 Qc6 33. Ng5 Qh6+ 34. Nh3 Bxf5 35. gxf5 Qxh7 36. Rh1 Bh6 37. Qc6 Rg8 38. Qf6+ Bg7 39.
Qxf7 f3 40. Rhg1 e4 41. Qg6 Be5+ 42. Rg3 Rxg6 43. fxg6 Qxg6 44. Rg1 Rg8 45. Kh1 Bxg3 46. Rxg3 Qh6 47. Kh2 Rxg3 48. Kxg3 Qd2 49. Ng5 Qe2 50. Nf7+ Kg7 51. Nd6 Kg6 52. Kf4 e3 53. fxe3 f2 0-1

[Event "*** Titled Tuesday 3|2 Blitz (Early)"]
[Site "Chess.com"]
[Date "2016.12.06"]
[Round "2"]
[White "ZhuChenChess"]
[Black "AdrianaNikolova"]
[Result "1/2-1/2"]
[WhiteElo "2400"]
[BlackElo "2238"]
[TimeControl "180+2"]
[EndTime "11:24:10 PST"]
[Termination "Game drawn by repetition"]

1. d4 d5 2. c4 c6 3. Nf3 Nf6 4.
Nc3 dxc4 5. a4 Bf5 6. e3 e6 7. Bxc4 Bb4 8. Nh4 Be4 9. O-O Nbd7 10. Nxe4 Nxe4 11. Nf3 O-O 12. Bd3 Ng5 13. Nxg5 Qxg5 14. e4 Qg6 15. e5 f5 16. exf6 Qxf6 17. Qh5 g6 18. Qh3 Rae8 19. Bh6 Rf7 20. Be3 Bd6 21. Rae1 Nb6 22. b3 Nd5 23. Bc4 Ref8 24. Bh6 Re8 25. Re4 Qf5 26. Qxf5 gxf5 27. Ree1 f4 28. Bg5 Rf5 29.
Bh4 Kf7 30. Bxd5 exd5 31. Rxe8 Kxe8 32. Re1+ Kd7 33. f3 Rh5 34. Bf2 Rh6 35. h3 Re6 36. Kf1 Bb4 37. Rxe6 Kxe6 38. Ke2 b5 39. Kd3 h5 40.
Bh4 a6 41. Bg5 Kf5 42. Bd8 Be1 43. Be7 Ba5 44. Bf8 Bb6 45. Be7 Ba5 46. Bh4 Bb4 47. Bf2 Ba5 48. g3 fxg3 49. Bxg3 Bb4 50. Bc7 Be1 51.
Ke3 Bc3 52. Kd3 Be1 53. Bd6 Ba5 54. Ke3 Bc3 55. Kd3 Be1 56. Ke3 Bc3 57. Bc5 Be1 58. Ke2 Bc3 59. Kf2 Kf4 60. Bd6+ Kf5 61. Ke3 Be1 62.
f4 Bg3 63. Kf3 Be1 64. Be5 Bd2 65. Bd6 Be1 66. Bc7 Bd2 67. Bb8 Bc3 68. Be5 Bd2 69.
Bd6 Bc3 70. Ke3 Be1 71. Be5 Bc3 72. Bd6 Be1 73. Be5 Bc3 74. Kf3 Bd2 75. Bd6 Bc3 76.
Ke3 Be1 77. Bc7 Bc3 78. Bb8 Be1 79. Bc7 Bc3 80. Bd6 Ba5 81. Bb8 Be1 82. Be5 Bb4 83.
Bc7 Bc3 84. Bd6 1/2-1/2

[Event "*** Titled Tuesday 3|2 Blitz (Early)"]
[Site "Chess.com"]
[Date "2016.12.06"]
[Round "2"]
[White "popov_m"]
[Black "sorito"]
[Result "0-1"]
[WhiteElo "2299"]
[BlackElo "2343"]
[TimeControl "180+2"]
[EndTime "11:24:28 PST"]
[Termination "sorito won by resignation"]

1. c4 b6 2. Nc3 Bb7 3. e4 c5 4. g3 g6 5. Bg2 Bg7 6. Nge2 Nf6 7. O-O Qc8 8. d3 O-O 9. h3 Nc6 10. Be3 Ne8 11. Qd2 Nc7 12. Bh6 Ne6 13. Bxg7 Kxg7 14. f4 Ned4 15. f5 f6 16. fxg6 hxg6 17.
Nf4 Ne5 18. Rae1 e6 19. Nd1 Qc7 20. Ne3 Rh8 21. Rf2 g5 22. Ne2 Nxe2+ 23. Qxe2 Nc6 24. Ref1 Raf8 25. Qg4 Ne5 26. Qd1 Qd6 27. Ng4 Nxg4 28. Qxg4 Qxd3 29. e5 Bxg2 30. exf6+ Kf7 31. Kxg2 Qd4 32.
Qxg5 Qe4+ 33. Rf3 Rfg8 34. Qd2 d5 35. cxd5 Qxd5 36. Qe2 Rh6 37. Rd1 Qc6 38. Qe5 Rxh3 39.
Kxh3 Qxf3 40. Rd7+ Kg6 41. Rg7+ Rxg7 42. fxg7 Kf7 43. Qc7+ Kg8 44. Qxa7 Qh1+ 45. Kg4 Qe4+ 46. Kg5 Qf5+ 47. Kh4 Qf6+ 48. Kg4 e5 49. Qa8+ Kxg7 50. Qb7+ Kh6 51. Qh1+ Kg7 52. Qb7+ Kg6 53. Qe4+ Kf7 54.
a4 Qe6+ 55. Qf5+ Ke7 56. Kg5 Qg8+ 57. Kh4 Qd5 58. g4 Qh1+ 59. Kg5 Qe1 60. Qf6+ Kd7 61.
Qxb6 Qe3+ 62. Kg6 Qd4 63. g5 e4 64. Qb7+ Kd6 65. Qb8+ Kd5 66. Qg8+ Ke5 67. Qe8+ Kf4 68. Qf7+ Kg3 69. Qc7+ Kg2 70. Kh6 e3 71. g6 e2 72.
g7 Qh4+ 73. Kg6 Qe4+ 74. Kh6 Qe3+ 75. Kh7 Qh3+ 76. Kg6 e1=Q 77. Qc6+ Kh2 78. g8=Q Qeg3+ 79. Kf7 Qf5+ 80. Ke7 Qxg8 81. Qh6+ Qh3 82. Qd2+ Qgg2 83.
Qd6+ Qhg3 84. Qh6+ Q2h3 85. Qd2+ Kg1 86. Qc1+ Qf1 87.
Qxc5+ Qff2 88. Qb5 Qge3+ 89. Kd7 Qfd2+ 90. Kc7 Qe7+ 91. Kb6 Qdd6+ 92. Qc6 Qxc6+ 93. Kxc6 Qb4 0-1

[Event "*** Titled Tuesday 3|2 Blitz (Early)"]
[Site "Chess.com"]
[Date "2016.12.06"]
[Round "2"]
[White "Alexander_Moskalenko"]
[Black "macko06"]
[Result "1-0"]
[WhiteElo "2646"]
[BlackElo "2281"]
[TimeControl "180+2"]
[EndTime "11:24:43 PST"]
[Termination "Alexander_Moskalenko won by resignation"]

1. e4 e6 2. d4 d5 3. Nd2 c5 4. c3 Nc6 5. Ngf3 Nf6 6. Bd3 Be7 7.
e5 Nd7 8. O-O Qb6 9. dxc5 Nxc5 10.
Bc2 Bd7 11. b4 Na6 12. Nb3 Nab8 13. a4 Qc7 14. Bf4 h6 15. h3 Bc8 16. Re1 b6 17. Qd2 Bb7 18. Nbd4 Nxd4 19. cxd4 Nc6 20. Reb1 Rc8 21.
b5 Na5 22. Bd1 Qc3 23. Qe2 Qc4 24. Qe1 Qc7 25. Rc1 Qb8 26. Rxc8+ Qxc8 27. Rc1 Qd7 28. Bd2 Nc4 29. Bb4 O-O 30. Bb3 Rc8 31. Bxe7 Qxe7 32.
Nd2 Na5 33. Rxc8+ Bxc8 34. Qc1 Bb7 35. Qc3 Qd7 36. f4 Qc8 37. Qxc8+ Bxc8 38. Kf2 Kf8 39.
g4 Ke7 40. Ba2 a6 41. Bb1 axb5 42. axb5 Bd7 43. Bd3 f6 44. h4 fxe5 45. dxe5 Nb7 46. Ke3 Nc5 47. Be2 Be8 48. h5 g6 49. hxg6 Bxg6 50. Nf3 Be8 51. Nd4 Na4 52. f5 Bf7 53. f6+ Kd7 54. Bd3 Nb2 55. Be2 Na4 56. Kf4 Nc3 57.
Bd3 Ke8 58. g5 hxg5+ 59. Kxg5 Kf8 60. Kf4 Ke8 61. Bf1 Na4 62. Bh3 Nc5 63. Ke3 Kd7 64.
Nf3 Ke8 65. Ng5 Kf8 66. Bg4 Ke8 67. Kd4 Kf8 68. Nf3 Ke8 69. Ne1 Nb3+ 70. Ke3 Kd7 71. Nd3 Ke8 72. Kf4 Kd7 73. Kg5 Nd4 74. Nf4 Nxb5 75.
Nxd5 Kc6 76. Ne7+ Kd7 77. Kh6 Nc7 78. Kg7 Ke8 79. Nc8 b5 80. Nd6+ Kd7 81. Nxf7 b4 82. Bd1 Kc6 83. Ba4+ Kd5 84. Ng5 Ne8+ 85. Bxe8 b3 86.
Bg6 1-0

[Event "*** Titled Tuesday 3|2 Blitz (Early)"]
[Site "Chess.com"]
[Date "2016.12.06"]
[Round "2"]
[White "Mepetmepe"]
[Black "FrankieJay"]
[Result "0-1"]
[WhiteElo "2302"]
[BlackElo "2220"]
[TimeControl "180+2"]
[EndTime "11:25:25 PST"]
[Termination "FrankieJay won by resignation"]

1. Nf3 Nf6 2. c4 g6 3. b3 Bg7 4.
Bb2 O-O 5. e3 c5 6. Be2 Nc6 7.
O-O a6 8. d4 Ne4 9. Nbd2 Nxd2 10. Qxd2 cxd4 11. Nxd4 Nxd4 12. Bxd4 d6 13. Bf3 Qc7 14.
Bxg7 Kxg7 15. h4 h5 16. Rad1 Be6 17. Qd4+ Kh7 18. Qf4 Rac8 19. Bd5 Qd7 20. Bxe6 Qxe6 21. Rd5 b5 22. Rfd1 bxc4 23. bxc4 Rc7 24. R1d4 Rb8 25. Re4 Rxc4 26. Rxe6 Rxf4 27. Rxe7 Rb1+ 28. Kh2 Rxf2 29.
Ra7 Rb5 30. Kg3 Rxd5 31. Kxf2 Rd2+ 32. Kf3 Rxa2 33. Rxf7+ Kh6 34. Rd7 Rd2 35. Ra7 Ra2 36.
Rd7 Rd2 37. Ra7 Ra2 38. g3 a5 39. Rd7 Rd2 40. Ra7 Rd5 41. Ra6 Kg7 42. Ke4 Re5+ 43. Kf4 Rf5+ 44. Ke4 d5+ 45. Kd4 Rf3 46. Rxa5 Rxg3 47. Rxd5 Rg4+ 48. Ke5 Rxh4 49. Rd7+ Kh6 50. e4 Rh1 51. Ke6 Re1 52. e5 Kg5 53. Rd5 h4 54. Kf7 Rf1+ 55. Ke7 Re1 56. e6+ Kf4 57. Kf6 h3 58. e7 h2 59. Rd4+ Kg3 60. Rd3+ Kg2 61.
Rd2+ Kg1 62. Rd1 Rxd1 63. e8=Q Rf1+ 64. Kg7 h1=Q 65. Qe3+ Kh2 66. Qh6+ Kg2 67. Qg5+ Kf2 68. Qd2+ Kf3 69. Qd5+ Kf4 70. Qd6+ Kg5 71. Qxg6+ Kf4 72. Qf6+ Kg3 73. Qg5+ Kh2 74. Qh4+ Kg1 75. Qd4+ Rf2 76. Qd1+ Kg2 77. Qd5+ Rf3 78. Qd2+ Kg3 79. Qg5+ Kh2 80. Qh5+ Kg1 81. Qc5+ Rf2 82. Qc1+ Kh2 83. Qh6+ Kg1 84. Qc1+ Rf1 85. Qe3+ Kg2 86. Qe4+ Kg3 87. Qe5+ Rf4 88. Qe3+ Qf3 89. Qe1+ Kh3 90. Qe6+ Qg4+ 91. Qg6 Qxg6+ 92. Kxg6 Kg4 0-1

[Event "*** Titled Tuesday 3|2 Blitz (Early)"]
[Site "Chess.com"]
[Date "2016.12.06"]
[Round "3"]
[White "kleinebeer98"]
[Black "Er_is_geen_hoop_meer"]
[Result "1/2-1/2"]
[WhiteElo "2471"]
[BlackElo "2278"]
[TimeControl "180+2"]
[EndTime "11:27:14 PST"]
[Termination "Game drawn by agreement"]

1. e4 e5 2. Nf3 Nf6 3. Nxe5 Nxe4 4. Qe2 Qe7 5. Qxe4 d6 6. d4 dxe5 7. Qxe5 Qxe5+ 8. dxe5 Bf5 9. Nc3 Nc6 10. Bf4 O-O-O 11.
Be2 Bb4 12. O-O Bxc3 13. bxc3 Rhe8 14. Bb5 1/2-1/2

[Event "*** Titled Tuesday 3|2 Blitz (Early)"]
[Site "Chess.com"]
[Date "2016.12.06"]
[Round "3"]
[White "Zaven_ChessMood"]
[Black "Gabrielian_Artur"]
[Result "1/2-1/2"]
[WhiteElo "2827"]
[BlackElo "2586"]
[TimeControl "180+2"]
[EndTime "11:28:45 PST"]
[Termination "Game drawn by repetition"]

1. e4 c5 2. Nf3 d6 3. d4 cxd4 4.
Nxd4 Nf6 5. Nc3 a6 6. Be3 e6 7. a4 Be7 8. a5 O-O 9. Be2 Nc6 10. Nb3 Bd7 11. O-O Re8 12. Bb6 Qb8 13. f4 Bd8 14.
Na4 Nxe4 15. Bf3 Nf6 16. Qd2 Be7 17. Be3 Qc7 18. Bb6 Qb8 19. Be3 Qc7 20. Bb6 Qb8 21. Be3 Qc7 1/2-1/2

[Event "*** Titled Tuesday 3|2 Blitz (Early)"]
[Site "Chess.com"]
[Date "2016.12.06"]
[Round "3"]
[White "kikydu96"]
[Black "Generalas"]
[Result "1-0"]
[WhiteElo "2332"]
[BlackElo "2205"]
[TimeControl "180+2"]
[EndTime "11:29:53 PST"]
[Termination "kikydu96 won by resignation"]

1. e4 e5 2. Nf3 Nc6 3. d4 exd4 4.
Nxd4 Bc5 5. Be3 Qf6 6. Nb5 Bxe3 7. fxe3 Qe5 8. Qd5 Qxb2 9. Bc4 Nf6 10. Qxf7+ Kd8 11.
Qxg7 Re8 12. O-O Qxa1 13. N1c3 Qb2 14. Qxf6+ Ne7 15. Nxc7 d5 16. Qd6+ Bd7 17. Ne6+ 1-0

[Event "*** Titled Tuesday 3|2 Blitz (Early)"]
[Site "Chess.com"]
[Date "2016.12.06"]
[Round "3"]
[White "WanderingPuppet"]
[Black "RodinMihail"]
[Result "0-1"]
[WhiteElo "2301"]
[BlackElo "2420"]
[TimeControl "180+2"]
[EndTime "11:29:59 PST"]
[Termination "RodinMihail won by resignation"]

1. e4 e5 2. Nf3 Nc6 3. Bb5 a6 4. Ba4 Bc5 5. O-O Nge7 6. c3 Ba7 7. d4 exd4 8. cxd4 d5 9. exd5 Nxd5 10. Nc3 O-O 11. Bg5 Qd6 12. Nxd5 Qxd5 13. Bb3 Qf5 14.
d5 Ne5 15. Nxe5 Qxg5 16. Nxf7 Rxf7 17. d6 Bg4 18. Qc1 Qxc1 19. Raxc1 cxd6 20. Rc7 Rf8 21. Rxb7 Bc5 22. h3 Be2 23. Re1 Bxf2+ 0-1

[Event "*** Titled Tuesday 3|2 Blitz (Early)"]
[Site "Chess.com"]
[Date "2016.12.06"]
[Round "3"]
[White "VSERGUEI"]
[Black "Genghis_K"]
[Result "1-0"]
[WhiteElo "2614"]
[BlackElo "2673"]
[TimeControl "180+2"]
[EndTime "11:30:29 PST"]
[Termination "VSERGUEI won by resignation"]

1. d4 Nf6 2. c4 e6 3. Nc3 Bb4 4.
f3 d5 5. a3 Be7 6. e4 dxe4 7.
fxe4 e5 8. d5 Bc5 9. Nf3 Bg4 10.
h3 Bxf3 11. Qxf3 Nbd7 12. Bd3 O-O 13. Bd2 Bd4 14. O-O-O c6 15. Kb1 cxd5 16. exd5 Rc8 17. g4 Re8 18. g5 e4 19. Nxe4 Nxe4 20. Bxe4 Ne5 21. Bxh7+ Kxh7 22. Qe4+ Kg8 23. Qxd4 Rxc4 24. Qxa7 Qxd5 25. Bc3 Qd3+ 26. Rxd3 1-0

[Event "*** Titled Tuesday 3|2 Blitz (Early)"]
[Site "Chess.com"]
[Date "2016.12.06"]
[Round "3"]
[White "ulises2013"]
[Black "LawrenceTrent"]
[Result "0-1"]
[WhiteElo "2270"]
[BlackElo "2446"]
[TimeControl "180+2"]
[EndTime "11:31:01 PST"]
[Termination "LawrenceTrent won by resignation"]

1. e4 c5 2. Nf3 d6 3. d4 cxd4 4.
Nxd4 Nf6 5. Nc3 g6 6. f4 Nc6 7. Be3 Ng4 8. Bg1 Bg7 9. h3 Nxd4 10. Bxd4 e5 11. Bb5+ Kf8 12. hxg4 exd4 13. Nd5 Qa5+ 14. Kf2 Qxb5 15. Nc7 Qc5 16. Nxa8 d3+ 17. Kf3 dxc2 18. Qd5 Qxd5 19. exd5 Bxb2 20. Rac1 Bxc1 21. Rxc1 h5 22. Rxc2 Bxg4+ 23. Kg3 Kg7 24. Nc7 Rc8 25. Kf2 Kf6 26. g3 a6 27. Ke3 Ke7 0-1

[Event "*** Titled Tuesday 3|2 Blitz (Early)"]
[Site "Chess.com"]
[Date "2016.12.06"]
[Round "3"]
[White "Keranke"]
[Black "Kouzari"]
[Result "1-0"]
[WhiteElo "2612"]
[BlackElo "2477"]
[TimeControl "180+2"]
[EndTime "11:31:20 PST"]
[Termination "Keranke won by resignation"]

1. d4 Nf6 2. c4 e6 3. g3 c5 4. Nf3 cxd4 5. Nxd4 Qb6 6. Nc3 Nc6 7.
Ndb5 Bc5 8. Bg2 Bxf2+ 9. Kf1 Bd4 10. Na4 Qa5 11. b4 Qxb4 12. Ba3 Ng4 13. Qxd4 Qxa3 14.
Qxg7 Rf8 15. Nxa3 1-0